 Dungeon Crawl Stone Soup version 0.21.1-1-g345015fe64 (webtiles) character file.

409 Kisielow the Changer (level 6, -15/44 HPs)
             Began as a Merfolk Transmuter on Mar 4, 2018.
             Demolished by an ogre
             ... wielding a +0 giant spiked club
              (16 damage)
             ... on level 4 of the Dungeon.
             The game lasted 00:06:52 (3482 turns).

Kisielow the Changer (Merfolk Transmuter)           Turns: 3482, Time: 00:06:53

Health: -15/44     AC:  3    Str: 11    XL:     6   Next: 89%
Magic:  7/9        EV: 14    Int: 14    God:
Gold:   133        SH:  0    Dex: 14    Spells: 5/9 levels left

rFire    + . .     SeeInvis .     - Unarmed
rCold    . . .     Gourm    .   (no shield)
rNeg     . . .     Faith    .   b - +0 robe
rPois    .         Spirit   .   n - +0 helmet
rElec    .         Reflect  .   (no cloak)
rCorr    .         Harm     .   (no gloves)
MR       .....                  (no boots)
Stlth    +.........             (no amulet)
HPRegen  0.14/turn              k - ring of protection from fire
MPRegen  0.11/turn              (no ring)

@: no status effects
A: change form in water, swift swim, stealthy swim
a: no special abilities


You were on level 4 of the Dungeon.
You were not hungry.

You visited 1 branch of the dungeon, and saw 4 of its levels.

You collected 133 gold pieces.

Inventory:

Missiles
 a - 36 arrows
Armour
 b - a +0 robe (worn)
 n - a +0 helmet (worn)
Jewellery
 h - an uncursed amulet of the gourmand {unknown}
 k - a ring of protection from fire (left hand)
 p - an uncursed amulet of regeneration {unknown}
Scrolls
 e - 5 scrolls of enchant weapon {unknown}
 f - 3 scrolls of remove curse {unknown}
 g - a scroll of fog {unknown}
 i - 2 scrolls of teleportation {unknown}
 m - 3 scrolls of identify {unknown}
 s - a scroll of random uselessness {unknown}
Potions
 j - a potion of brilliance {unknown}
 l - a potion of haste {unknown}
 o - a potion of heal wounds {unknown}
 q - a potion of lignification {unknown}
 r - a potion of degeneration {unknown}
 t - a potion of cancellation {unknown}
Books
 c - a book of Changes

   Spells                             Type                      Level
   a - Beastly Appendage              Transmutation                1
   b - Sticks to Snakes               Transmutation                2
   c - Spider Form                    Transmutation/Poison         3
   d - Ice Form                       Ice/Transmutation            4
   e - Blade Hands                    Transmutation                5
Comestibles
 d - 3 rations


   Skills:
 + Level 1.9 Fighting
 * Level 4.1 Dodging
 + Level 4.8 Unarmed Combat
 - Level 2.0 Spellcasting
 - Level 7.4 Transmutations


You had 5 spell levels left.
You knew the following spells:

 Your Spells              Type           Power        Failure   Level  Hunger
a - Beastly Appendage     Tmut           ###...       1%          1    ##.....
q - Spider Form           Tmut/Pois      ##........   16%         3    ####...


Dungeon Overview and Level Annotations

Branches:
Dungeon (4/15)
 Temple: D:4-7

Altars:
Gozag
Vehumet


Message History

You kill the orc!
The ogre hits you with a giant spiked club!!
Ouch! That really hurt!
You are too injured to fight recklessly!
You are too injured to fight recklessly!
You are too injured to fight recklessly!
You are too injured to fight recklessly!
You are too injured to fight recklessly!
You are too injured to fight recklessly!
You are too injured to fight recklessly!
You hit the ogre.
The ogre is poisoned.
The ogre is lightly wounded.
Your transformation has ended.
Your +0 helmet unmelds from your body.
Your +0 robe unmelds from your body.
The ogre hits you with a giant spiked club!
* * * LOW HITPOINT WARNING * * *
You hit the ogre.
The ogre is moderately wounded.
The ogre hits you with a giant spiked club!
You die...

##....########...#
...####...#............#
#..[...#....#######...#
####...##.# ##.## .
##.###.# #.## #. #.# #.#
#... #.##.# .#. #####
#....# # # ..>.. ###@.#
##### #O)# ....# ###.##
#### #.# .... ... ####
... #...


You could see an ogre.

Vanquished Creatures
  Sigmund (D:3)
  2 orc wizards
  Jessica (D:3)
  A worker ant (D:4)
  5 adders
  An ooze (D:3)
  2 worms
  2 leopard geckos
  6 orcs
  5 giant cockroaches
  8 goblins
  9 hobgoblins
  10 jackals
  2 kobolds
  A quokka (D:3)
  8 bats
  8 frilled lizards
  8 rats
80 creatures vanquished.

Notes
Turn   | Place    | Note
-------+----------+-------------------------------------------
     0 | D:1      | Kisielow the Merfolk Transmuter began the quest for the Orb.
     0 | D:1      | Reached XP level 1. HP: 15/15 MP: 3/3
   280 | D:1      | Reached XP level 2. HP: 9/21 MP: 5/5
  1011 | D:1      | Reached XP level 3. HP: 25/26 MP: 6/6
  1016 | D:1      | Learned a level 3 spell: Spider Form
  1166 | D:1      | Reached skill level 3 in Transmutations
  1677 | D:2      | Reached skill level 4 in Transmutations
  1746 | D:2      | Reached XP level 4. HP: 32/32 MP: 7/7
  2260 | D:2      | Found an opulent altar of Gozag.
  2370 | D:3      | Found a radiant altar of Vehumet.
  2393 | D:3      | Noticed Sigmund
  2409 | D:3      | Killed Sigmund
  2409 | D:3      | Reached skill level 7 in Transmutations
  2409 | D:3      | Reached XP level 5. HP: 24/37 MP: 2/8
  2409 | D:3      | Reached XP level 6. HP: 28/43 MP: 2/9
  2864 | D:3      | Noticed Jessica
  2888 | D:3      | Killed Jessica
  3481 | D:4      | HP: 1/44 [ogre/giant spiked club (16)]
  3482 | D:4      | Demolished by an ogre

Skill      XL: |  1  2  3  4  5  6 |
---------------+-------------------+-----
Unarmed Combat | 4 |  4.8
Transmutations | 4 7 |  7.4
Dodging        | 4 |  4.1
Fighting       | |  1.9
Spellcasting   | |  2.0

Action                   |  1- 3 |  4- 6 || total
-------------------------+-------+-------++-------
Melee: Unarmed           |   107 |   116 ||   223
       Punch             |     1 |     1 ||     2
 Cast: Spider Form       |     2 |    17 ||    19
  Use: Potion            |     1 |     1 ||     2
 Stab: Sleeping          |     2 |     4 ||     6
  Eat: Chunk             |     3 |     6 ||     9
       Ration            |       |     1 ||     1
Armor: Robe              |    14 |     1 ||    15
       Skin              |       |     5 ||     5
Dodge: Dodged            |    91 |    95 ||   186
